 Dungeon Crawl Stone Soup version 0.31-a0-195-g7586a6f1e9 (webtiles) character file.

Game seed: 13002376644803503839

144 qw the Skirmisher (level 5, -1/29 HPs)
             Began as a Deep Elf Hunter on June 24, 2023.
             Slain by a kobold brigand
             ... wielding a +0 short sword
              (5 damage)
             ... in a sewer.
             The game lasted 00:00:39 (1721 turns).

qw the Skirmisher (Deep Elf Hunter)                 Turns: 1721, Time: 00:00:40

Health: -1/29      AC:  7    Str: 10    XL:     5   Next: 5%
Magic:  7/7        EV: 11    Int: 14    God:
Gold:   124        SH:  0    Dex: 18    Spells: 4/4 levels left

rFire   . . .        Y - +0 shortbow
rCold   . . .        (shield currently unavailable)
rNeg    . . .        d - +0 ring mail
rPois   .            (no helmet)
rElec   .            (no cloak)
rCorr   .            e - +1 pair of gloves
SInv    .            (no boots)
Will    .....        a - amulet of faith
Stlth   +            (no ring)
HPRegen 0.24/turn    (no ring)
MPRegen 0.10/turn

%: faith
@: lethally poisoned (-1 -> -6), slowed, very slow
A: no striking features
a: no special abilities


You were in a sewer.
You visited 1 branch of the dungeon, and saw 3 of its levels.
You also visited: Sewer.

You collected 124 gold pieces.


   Skills:
 - Level 1.5 Fighting
 + Level 8.4 Ranged Weapons
 - Level 2.4 Dodging
 - Level 1.2 Stealth


You had 4 spell levels left.
You didn't know any spells.
Your spell library was empty.

Inventory:

Hand Weapons
 Y - a +0 shortbow (weapon)
Armour
 d - a +0 ring mail (worn)
 e - a +1 pair of gloves (worn)
Jewellery
 a - an amulet of faith (around neck)
Scrolls
 h - 2 scrolls of identify

Dungeon Overview and Level Annotations

Branches:
Dungeon (3/15)              Sewer (1/1)

Altars:


Message History

The kobold brigand throws a poisoned dart.
The poisoned dart hits you.
You are more poisoned.
The kobold brigand throws a poisoned dart.
The poisoned dart misses you.
You shoot an arrow.
The arrow hits the kobold brigand but does no damage.
The kobold brigand is lightly wounded.
You feel extremely sick.
The kobold brigand throws a poisoned dart.
The poisoned dart barely misses you.
The kobold brigand throws a poisoned dart.
The poisoned dart hits you.
You are more poisoned.
1716 ||| DRINKING potion of heal wounds.
You feel much better.
You feel very sick.
You shoot an arrow.
The arrow closely misses the kobold brigand. x2
You feel very sick.
You shoot an arrow. The arrow hits the kobold brigand!
The kobold brigand is heavily wounded.
You feel very sick.
The kobold brigand throws a curare-tipped dart.
The curare-tipped dart completely misses you.
You shoot an arrow. The arrow hits the kobold brigand!
The kobold brigand is severely wounded.
You feel sick.
The kobold brigand throws a poisoned dart.
The poisoned dart hits you!
You are lethally poisoned!
You shoot an arrow.
The arrow barely misses the kobold brigand.
You feel very sick.
The kobold brigand splashes around in the water.
You shoot an arrow.
The arrow closely misses the kobold brigand.
You feel very sick.
The kobold brigand hits you with a +0 short sword.
You die...

\.\~~~~~~~# ........~~#
..~~.~.~~~## ##
.~~~.~~.~..## #####~~~~
~~~~~~##~.~~####~~~~~#
.~..~####~~.~..~~###~~~~
.~~~.# #.~~~~~.~# ###
~.~~~. ##...~.~K###~~~~.
~~~~~~. #######@K.~~#
#####~~~~. ###


You could see 2 kobold brigands.

Vanquished Creatures
  A hound (D:3)
  Natasha (twice) (D:2)
  Terence (D:3)
  2 dart slugs
  5 bats
  An endoplasm (D:1)
  3 giant cockroaches
  3 goblins
  3 hobgoblins
  4 kobolds
  3 quokkas (D:3)
  7 ball pythons
  4 frilled lizards
  A rat (D:3)
40 creatures vanquished.

Notes
Turn   | Place    | Note
-------+----------+-------------------------------------------
     0 | D:1      | qw the Deep Elf Hunter began the quest for the Orb.
     0 | D:1      | Reached XP level 1. HP: 12/12 MP: 3/3
     0 | D:1      | 0 ||| qw: Version: 0.3-a-9-g12657ce
     0 | D:1      | 0 ||| qw: Game counter: 4745
     0 | D:1      | 0 ||| qw: Always use a shield: true
     0 | D:1      | 0 ||| qw: God list: Okawaru
     0 | D:1      | 0 ||| qw: Allow faded altars: false
     0 | D:1      | 0 ||| qw: Do Orc after D:15 true
     0 | D:1      | 0 ||| qw: Do second Lair branch before Depths: true
     0 | D:1      | 0 ||| qw: Lair rune preference: random
     0 | D:1      | 0 ||| qw: Plans: Normal
     0 | D:1      | 0 ||| PLANNING D:1-11
   191 | D:1      | Reached XP level 2. HP: 16/16 MP: 4/4
   197 | D:1      | Reached skill level 6 in Ranged Weapons
   345 | D:1      | 345 ||| UPGRADING to +0 ring mail.
   355 | D:1      | 355 ||| DROPPING +0 leather armour.
   356 | D:1      | 356 ||| UPGRADING to +1 pair of gloves.
   361 | D:1      | 361 ||| READING 2 scrolls labelled IGUKIU HANAUKU.
   362 | D:1      | 362 ||| READING 3 scrolls labelled DUASAH YLICE.
   363 | D:1      | 363 ||| READING 2 scrolls of identify.
   363 | D:1      | 363 ||| IDENTIFYING puce potion
   364 | D:1      | 364 ||| DROPPING scroll of amnesia.
   365 | D:1      | 365 ||| DROPPING scroll of butterflies.
   702 | D:2      | Noticed Natasha
   707 | D:2      | Killed Natasha
   708 | D:2      | Reached skill level 7 in Ranged Weapons
   708 | D:2      | Reached XP level 3. HP: 20/20 MP: 5/5
  1111 | D:2      | Noticed Natasha
  1115 | D:2      | Killed Natasha
  1116 | D:2      | Reached XP level 4. HP: 25/25 MP: 6/6
  1220 | D:2      | 1220 ||| UPGRADING to amulet of faith.
  1225 | D:2      | 1225 ||| READING 2 scrolls labelled ACAQOR TUYJOE.
  1226 | D:2      | 1226 ||| READING 2 scrolls of identify.
  1226 | D:2      | 1226 ||| IDENTIFYING bubbling puce potion
  1227 | D:2      | 1227 ||| DROPPING potion of brilliance.
  1228 | D:2      | 1228 ||| DROPPING scroll of noise.
  1284 | D:3      | 1284 ||| PLANNING SEWER
  1371 | D:3      | Reached skill level 8 in Ranged Weapons
  1407 | D:3      | Noticed Terence
  1416 | D:3      | Killed Terence
  1417 | D:3      | 1417 ||| FLEEEEING.
  1418 | D:3      | 1418 ||| FLEEEEING.
  1419 | D:3      | 1419 ||| FLEEEEING.
  1420 | D:3      | 1420 ||| FLEEEEING.
  1421 | D:3      | 1421 ||| FLEEEEING.
  1422 | D:3      | 1422 ||| FLEEEEING.
  1565 | D:3      | Reached XP level 5. HP: 29/29 MP: 7/7
  1660 | D:3      | Found a glowing drain.
  1661 | D:3      | 1661 ||| READING 3 scrolls of identify.
  1661 | D:3      | 1661 ||| IDENTIFYING white potion
  1662 | D:3      | 1662 ||| DROPPING potion of lignification.
  1670 | D:3      | 1670 ||| Stepping ~*~*~tactically~*~*~ (water).
  1672 | D:3      | 1672 ||| Stepping ~*~*~tactically~*~*~ (water).
  1685 | Sewer    | Entered a sewer
  1710 | Sewer    | 1710 ||| Stepping ~*~*~tactically~*~*~ (water).
  1715 | Sewer    | HP: 3/29 [poisoned by a kobold brigand]
  1716 | Sewer    | 1716 ||| DRINKING potion of heal wounds.
  1720 | Sewer    | HP: 7/29 [poisoned by a kobold brigand]
  1721 | Sewer    | Slain by a kobold brigand

Levels and vault maps discovered:
D:1:      minmay_arrival_stone_box, layout_rooms
D:2:      layout_basic, uniq_natasha
D:3:      layout_loops_ring, portal_sewer_entry_f, minivault_11,
          minmay_misc_feat_hallway, uniq_terence, uniq_ijyb
Sewer:    sewer_co_tree

Skill      XL: |  1  2  3  4 |
---------------+-------------+-----
Ranged Weapons | 7 8 |  8.4
Fighting       | |  1.5
Dodging        | |  2.4
Stealth        | |  1.2

Action                     |  1- 3 |  4- 6 || total
---------------------------+-------+-------++-------
   Fire: Shortbow          |    58 |    87 ||   145
    Use: Scroll            |     3 |     3 ||     6
         Potion            |       |     1 ||     1
 Armour: Ring mail         |     4 |    13 ||    17
         Leather armour    |     2 |       ||     2
  Dodge: Dodged            |     9 |    49 ||    58

Table legend:
 A = Non-vault XP
 B = Vault XP
 C = Vault XP percentage of total XP
 D = Non-vault monster count
 E = Vault monster count
 F = Vault count percentage of total count
                 A         B        C        D         E       F
            +---------+---------+-------+---------+---------+-------
      Total |     131 |      75 |  36.4 |      33 |       7 |  17.5
            +---------+---------+-------+---------+---------+-------
        D:1 |      20 |       0 |   0.0 |      12 |       0 |   0.0
        D:2 |      54 |      33 |  37.9 |      12 |       1 |   7.7
        D:3 |      57 |      42 |  42.4 |       9 |       6 |  40.0
            +---------+---------+-------+---------+---------+-------
